[Event "Mentese WGM 2019"]
[Site "Mentese"]
[Date "2019.06.24"]
[Round "1.1"]
[White "Rakhmangulova, Anastasiya"]
[Black "Atalik, Ekaterina"]
[Result "1/2-1/2"]
[ECO "C54"]
[WhiteElo "2217"]
[BlackElo "2452"]
[Annotator "RC"]
[PlyCount "108"]
[EventDate "2019.06.24"]
[EventType "schev"]
[EventCountry "TUR"]
[SourceTitle "playchess.com"]
[Source "ChessBase"]
[SourceQuality "1"]
[TimeControl "5400+30"]

1. e4 e5 2. Nf3 Nc6 3. Bc4 Bc5 4. d3 Nf6 5. O-O d6 6. c3 O-O 7. a4 a5 8. Bg5 Ba7 9. Na3 Ne7 10. Bxf6 gxf6 11. d4 Ng6 12. Nc2 Re8 13. Re1 c6 14. g3 Bh3 15. Ne3 Qd7 16. d5 Rf8 17. Kh1 Bxe3 18. Rxe3 Bg4 19. Be2 Kh8 20. Ng1 Bxe2 21. Nxe2 f5 22. f3 fxe4 23. fxe4 f5 24. c4 f4 25. Rf3 cxd5 26. cxd5 fxg3 27. Nxg3 Rxf3 28. Qxf3 Rf8 29. Qc3 Qg4 30. Rc1 Nh4 31. Qe3 Rf3 32. Qb6 Rf8 33. Qe3 Qh3 34. Rg1 Ng6 35. Nf5 Qxe3 36. Nxe3 Rf4 37. Rc1 Nh4 38. Nf5 Nxf5 39. exf5 Kg7 40. Rc7+ Kf6 41. Rxh7 Kxf5 42. Rxb7 Rxa4 43. Rb6 Rb4 44. Rxd6 Rxb2 45. Ra6 Ra2 46. d6 Ke6 47. h4 e4 48. Kg1 e3 49. Kf1 a4 50. h5 a3 51. h6 Ra1+ 52. Ke2 a2 53. h7 Rh1 54. Rxa2 Rxh7 1/2-1/2

[Event "Mentese WGM 2019"]
[Site "Mentese"]
[Date "2019.06.24"]
[Round "1.2"]
[White "Zubova, Mariya"]
[Black "Doluhanova, Evgeniya"]
[Result "0-1"]
[ECO "C60"]
[WhiteElo "2164"]
[BlackElo "2319"]
[Annotator "NA"]
[PlyCount "103"]
[EventDate "2019.06.24"]
[EventType "schev"]
[EventCountry "TUR"]
[SourceTitle "playchess.com"]
[Source "ChessBase"]
[SourceQuality "1"]
[TimeControl "5400+30"]

1. e4 e5 2. Nf3 Nc6 3. Bb5 g6 4. d4 exd4 5. Bg5 Be7 6. Bxe7 Qxe7 7. Bxc6 dxc6 8. Qxd4 Nf6 9. Nc3 Bg4 10. Nd2 O-O 11. O-O Rad8 12. Qe3 Rfe8 13. h3 Bc8 14. Rfe1 b6 15. Rad1 Bb7 16. a3 c5 17. e5 Nd5 18. Qg3 Nxc3 19. Qxc3 Qg5 20. g3 Qf5 21. g4 Qf4 22. Qg3 Qxg3+ 23. fxg3 Rd4 24. c3 Rd3 25. Nf1 Rxe5 26. Rxd3 Rxe1 27. Rd8+ Kg7 28. Kf2 Rb1 29. Rd2 a5 30. g5 Bc8 31. h4 h6 32. Ne3 hxg5 33. hxg5 Be6 34. Kf3 Kf8 35. Kf4 Ke7 36. Re2 b5 37. Ke5 c6 38. Rd2 Re1 39. Kf4 b4 40. axb4 cxb4 41. cxb4 axb4 42. Kf3 Rc1 43. Rc2 Rxc2 44. Nxc2 c5 45. Ke3 Kd6 46. Ne1 Kd5 47. Nf3 c4 48. Nd4 Bg4 49. Nc2 b3 50. Na3 c3 51. Kd3 c2 52. Nb1 0-1

[Event "Mentese WGM 2019"]
[Site "Mentese"]
[Date "2019.06.24"]
[Round "1.3"]
[White "Novikova, Margarita"]
[Black "Khomeriki, Nino"]
[Result "0-1"]
[ECO "C55"]
[WhiteElo "2020"]
[BlackElo "2313"]
[Annotator "NA"]
[PlyCount "106"]
[EventDate "2019.06.24"]
[EventType "schev"]
[EventCountry "TUR"]
[SourceTitle "playchess.com"]
[Source "ChessBase"]
[SourceQuality "1"]
[TimeControl "5400+30"]

1. e4 e5 2. Nf3 Nc6 3. Bc4 Nf6 4. d3 Be7 5. O-O O-O 6. Re1 d6 7. a4 Kh8 8. a5 a6 9. h3 h6 10. Nc3 Nh7 11. Nd5 f5 12. c3 Bf6 13. b4 Ne7 14. Nxf6 Nxf6 15. Ba2 Qe8 16. c4 Ng6 17. Bb1 fxe4 18. dxe4 Be6 19. Bd3 Qf7 20. Qe2 Nh7 21. Nh2 Nf4 22. Bxf4 Qxf4 23. Qe3 Qf7 24. c5 dxc5 25. Qxc5 Rad8 26. Ra3 Rd4 27. Nf3 Bxh3 28. Bf1 Bg4 29. b5 axb5 30. Qxe5 Ra4 31. Rc3 c6 32. Qc5 Bh5 33. Ne5 Qe8 34. Rh3 Ra2 35. Nd3 Bf7 36. Rg3 Ng5 37. f4 Ne6 38. Qc3 Qd8 39. f5 Qd4+ 40. Qxd4 Nxd4 41. Nc5 b4 42. Rd1 Nc2 43. e5 Rxa5 44. Nxb7 Rxe5 45. Bd3 Nd4 46. Rg4 Bh5 47. Rxd4 Bxd1 48. Bc4 Bc2 49. Nd6 Kh7 50. Bf7 Rxf7 51. Nxf7 Rxf5 52. Rd7 b3 53. Rb7 Rb5 0-1

[Event "Mentese WGM 2019"]
[Site "Mentese"]
[Date "2019.06.24"]
[Round "1.4"]
[White "Anacoglu, Cisel"]
[Black "Dimitrijevic, Aleksandra"]
[Result "1-0"]
[ECO "C10"]
[WhiteElo "1973"]
[BlackElo "2190"]
[Annotator "NA"]
[PlyCount "85"]
[EventDate "2019.06.24"]
[EventType "schev"]
[EventCountry "TUR"]
[SourceTitle "playchess.com"]
[Source "ChessBase"]
[SourceQuality "1"]
[TimeControl "5400+30"]

1. e4 e6 2. d4 d5 3. Nd2 dxe4 4. Nxe4 Bd7 5. Nf3 Bc6 6. Bd3 Nf6 7. Nxf6+ gxf6 8. O-O Bg7 9. Re1 O-O 10. c4 Re8 11. Bf4 Nd7 12. d5 exd5 13. Rxe8+ Qxe8 14. cxd5 Bxd5 15. Bxh7+ Kxh7 16. Qxd5 c6 17. Qf5+ Kg8 18. Re1 Qc8 19. Re7 Nb6 20. Qxc8+ Rxc8 21. Rxb7 Nd5 22. Bd2 a5 23. Bxa5 Ra8 24. b4 c5 25. a3 Bf8 26. g3 c4 27. Rd7 Nc3 28. Rc7 Nb5 29. Rxc4 Nxa3 30. Rd4 Rc8 31. Rd8 Rxd8 32. Bxd8 Kg7 33. Ba5 f5 34. Nd4 Kf6 35. b5 Bc5 36. Nb3 Bd6 37. b6 Nc4 38. b7 Bb8 39. Bb4 f4 40. Nc5 Ne5 41. Bc3 fxg3 42. hxg3 Kf5 43. Bxe5 1-0

[Event "Mentese WGM 2019"]
[Site "Mentese"]
[Date "2019.06.24"]
[Round "1.5"]
[White "Aydin, Gulenay"]
[Black "Arda, Cagil Irmak"]
[Result "0-1"]
[ECO "C06"]
[WhiteElo "1967"]
[BlackElo "2069"]
[Annotator "NA"]
[PlyCount "78"]
[EventDate "2019.06.24"]
[EventType "schev"]
[EventCountry "TUR"]
[SourceTitle "playchess.com"]
[Source "ChessBase"]
[SourceQuality "1"]
[TimeControl "5400+30"]

1. e4 e6 2. d4 d5 3. Nd2 Be7 4. Ngf3 Nf6 5. e5 Nfd7 6. Bd3 c5 7. c3 Nc6 8. O-O g5 9. dxc5 g4 10. Nd4 Ndxe5 11. N2b3 Nxd3 12. Qxd3 e5 13. Nxc6 bxc6 14. Re1 f6 15. Bh6 Kf7 16. Rad1 Qg8 17. Qe2 Qg6 18. Bc1 a5 19. Qe3 a4 20. Nd2 Ra5 21. c4 d4 22. Qe2 Bf5 23. Nf1 Bxc5 24. Qd2 Ra7 25. Re2 Rb8 26. a3 Be6 27. Ng3 Bxc4 28. Re4 Bd5 29. Re2 Bb6 30. Qb4 Bc7 31. Qe1 Bc4 32. Re4 Bd5 33. Re2 Bb3 34. Ne4 f5 35. Ng5+ Kg8 36. Rxd4 exd4 37. Re7 Ba5 38. Qe5 Rxe7 39. Qxe7 Re8 0-1

[Event "Mentese WGM 2019"]
[Site "Mentese"]
[Date "2019.06.24"]
[Round "2.1"]
[White "Doluhanova, Evgeniya"]
[Black "Rakhmangulova, Anastasiya"]
[Result "1/2-1/2"]
[ECO "A07"]
[WhiteElo "2319"]
[BlackElo "2217"]
[Annotator "NA"]
[PlyCount "74"]
[EventDate "2019.06.24"]
[EventType "schev"]
[EventCountry "TUR"]
[SourceTitle "playchess.com"]
[Source "ChessBase"]
[SourceQuality "1"]
[TimeControl "5400+30"]

1. Nf3 d5 2. g3 c6 3. Bg2 Bg4 4. b3 Nd7 5. Bb2 Qc7 6. d4 Bxf3 7. Bxf3 Ngf6 8. c4 e6 9. Nc3 h5 10. e4 dxe4 11. Nxe4 Nxe4 12. Bxe4 Nf6 13. Bf3 Bb4+ 14. Kf1 O-O-O 15. Qe2 h4 16. c5 Qd7 17. Rc1 Ba5 18. b4 Bxb4 19. Rc4 Nd5 20. gxh4 Ba5 21. Rg1 Rxh4 22. Rxg7 Rxh2 23. Ra4 Nc3 24. Bxc3 Bxc3 25. Qe5 Bxd4 26. Qxh2 Bxg7 27. Rxa7 Qd3+ 28. Kg2 Qg6+ 29. Kf1 Rd2 30. Ra8+ Kd7 31. Qf4 Rd4 32. Qb8 Qb1+ 33. Kg2 Ke7 34. Ra7 Qg6+ 35. Kf1 Qb1+ 36. Kg2 Qg6+ 37. Kf1 Qb1+ 1/2-1/2

[Event "Mentese WGM 2019"]
[Site "Mentese"]
[Date "2019.06.24"]
[Round "2.2"]
[White "Khomeriki, Nino"]
[Black "Zubova, Mariya"]
[Result "1-0"]
[ECO "D02"]
[WhiteElo "2313"]
[BlackElo "2164"]
[Annotator "NA"]
[PlyCount "53"]
[EventDate "2019.06.24"]
[EventType "schev"]
[EventCountry "TUR"]
[SourceTitle "playchess.com"]
[Source "ChessBase"]
[SourceQuality "1"]
[TimeControl "5400+30"]

1. d4 Nf6 2. Nf3 g6 3. Nbd2 d5 4. b4 Bg7 5. e3 O-O 6. c4 c6 7. Be2 Nbd7 8. Bb2 h6 9. O-O Ne4 10. Qb3 Ndf6 11. Rfc1 Bg4 12. Bd3 Bf5 13. Nf1 dxc4 14. Bxc4 Nd6 15. Be2 Nfe4 16. Ne5 Kh7 17. f3 Nf6 18. a4 Nd7 19. b5 cxb5 20. axb5 Be6 21. Qd3 f5 22. Nd2 Nf7 23. f4 Bd5 24. Nxg6 Kxg6 25. Bh5+ Kf6 26. e4 Nb6 27. Qg3 1-0

[Event "Mentese WGM 2019"]
[Site "Mentese"]
[Date "2019.06.24"]
[Round "2.3"]
[White "Dimitrijevic, Aleksandra"]
[Black "Novikova, Margarita"]
[Result "1/2-1/2"]
[ECO "A30"]
[WhiteElo "2190"]
[BlackElo "2020"]
[Annotator "NA"]
[PlyCount "66"]
[EventDate "2019.06.24"]
[EventType "schev"]
[EventCountry "TUR"]
[SourceTitle "playchess.com"]
[Source "ChessBase"]
[SourceQuality "1"]
[TimeControl "5400+30"]

1. c4 c5 2. Nc3 Nc6 3. Nf3 Nf6 4. g3 g6 5. Bg2 Bg7 6. O-O O-O 7. b3 b6 8. Bb2 Bb7 9. a3 a6 10. e3 e6 11. Qe2 Qe7 12. d3 d6 13. Rfd1 Rfd8 14. Rab1 Rab8 15. Ba1 Ba8 16. Qc2 Qc7 17. Na2 Na7 18. Nc1 Nc8 19. Ne2 Ne7 20. Nf4 Nf5 21. Bc3 Ne8 22. Bxg7 Nexg7 23. Ne1 Bxg2 24. Nexg2 Ne7 25. d4 e5 26. dxe5 dxe5 27. Ne2 Rxd1+ 28. Rxd1 Rd8 29. Rxd8+ Qxd8 30. Nc3 Ne6 31. Ne1 Nc7 32. Qd3 Qxd3 33. Nxd3 Nc6 1/2-1/2

[Event "Mentese WGM 2019"]
[Site "Mentese"]
[Date "2019.06.24"]
[Round "2.4"]
[White "Arda, Cagil Irmak"]
[Black "Anacoglu, Cisel"]
[Result "1-0"]
[ECO "C88"]
[WhiteElo "2069"]
[BlackElo "1973"]
[Annotator "NA"]
[PlyCount "117"]
[EventDate "2019.06.24"]
[EventType "schev"]
[EventCountry "TUR"]
[SourceTitle "playchess.com"]
[Source "ChessBase"]
[SourceQuality "1"]
[TimeControl "5400+30"]

1. e4 e5 2. Nf3 Nc6 3. Bb5 a6 4. Ba4 Nf6 5. O-O Be7 6. Re1 b5 7. Bb3 O-O 8. a4 b4 9. d3 d6 10. h3 h6 11. Nbd2 Na5 12. Ba2 c5 13. Nc4 Nxc4 14. Bxc4 Be6 15. b3 Nd7 16. Nh2 Bg5 17. Bxe6 fxe6 18. Qg4 Qe7 19. Bxg5 hxg5 20. Nf3 Rf4 21. Qxg5 Qf7 22. Re2 Rf8 23. Rf1 Nf6 24. Nh2 Nh7 25. Qg3 Qh5 26. Ng4 Ng5 27. f3 Nf7 28. Qe1 Nh8 29. Ref2 Ng6 30. g3 R4f7 31. Kg2 Ne7 32. Qe2 Kh8 33. Qd2 g5 34. c3 a5 35. Qc1 Rh7 36. Rh1 Nc6 37. h4 bxc3 38. Rff1 gxh4 39. Rxh4 Qg6 40. Rxh7+ Kxh7 41. Rh1+ Kg8 42. Nh6+ Kg7 43. Rh4 Qf6 44. Rg4+ Kh7 45. Nf5 exf5 46. Qh1+ Qh6 47. Rh4 Rf6 48. Rxh6+ Rxh6 49. Qc1 fxe4 50. dxe4 Rf6 51. Qxc3 Rf8 52. Qd2 Rf6 53. f4 Nd4 54. fxe5 dxe5 55. Qxa5 Nxb3 56. Qc7+ Kg6 57. Qxe5 c4 58. Qe8+ Kg7 59. Qb5 1-0

[Event "Mentese WGM 2019"]
[Site "Mentese"]
[Date "2019.06.24"]
[Round "2.5"]
[White "Atalik, Ekaterina"]
[Black "Aydin, Gulenay"]
[Result "1-0"]
[ECO "E60"]
[WhiteElo "2452"]
[BlackElo "1967"]
[Annotator "ChessBase"]
[PlyCount "85"]
[EventDate "2019.06.24"]
[EventType "schev"]
[EventCountry "TUR"]
[SourceTitle "playchess.com"]
[Source "ChessBase"]
[SourceQuality "1"]
[TimeControl "5400+30"]

1. d4 Nf6 2. Nf3 g6 3. g3 Bg7 4. Bg2 O-O 5. O-O d6 6. b3 c6 7. Bb2 Qa5 8. c4 Qh5 9. Nbd2 Bg4 10. Re1 Re8 11. e4 Nfd7 12. Qc2 e5 13. dxe5 dxe5 14. h4 Na6 15. Nh2 Rad8 16. Ndf1 Bh6 17. Ne3 Bxe3 18. Rxe3 Ndc5 19. Qc3 Rd4 20. f3 Be6 21. Bf1 Red8 22. Qe1 R4d7 23. g4 Qh6 24. g5 Qf8 25. Bxe5 Nd3 26. Bxd3 Rxd3 27. Rxd3 Rxd3 28. Bg3 Qd8 29. Bf2 b6 30. Qc1 Qd6 31. Kg2 Bc8 32. Nf1 Qd7 33. Bg3 Nc5 34. Qf4 Qh3+ 35. Kg1 Ne6 36. Qf6 Bd7 37. Be5 Kf8 38. Qh8+ Ke7 39. Bf6+ Kd6 40. Qb8+ Kc5 41. Qe5+ Kb4 42. a3+ Kxb3 43. Qb2+ 1-0

[Event "Mentese WGM 2019"]
[Site "Mentese"]
[Date "2019.06.25"]
[Round "3.1"]
[White "Rakhmangulova, Anastasiya"]
[Black "Khomeriki, Nino"]
[Result "0-1"]
[ECO "C55"]
[WhiteElo "2217"]
[BlackElo "2313"]
[Annotator "ChessBase"]
[PlyCount "74"]
[EventDate "2019.06.24"]
[EventType "schev"]
[EventCountry "TUR"]
[SourceTitle "playchess.com"]
[Source "ChessBase"]
[SourceQuality "1"]
[TimeControl "5400+30"]

1. e4 e5 2. Nf3 Nc6 3. Bc4 Nf6 4. d3 Be7 5. O-O O-O 6. Bb3 a5 7. c3 d5 8. Nbd2 dxe4 9. dxe4 Bc5 10. Ba4 Qe7 11. Qe2 Bd7 12. Nc4 h6 13. Ne3 Rfe8 14. Re1 Nb8 15. Bxd7 Nbxd7 16. Nf5 Qe6 17. Bxh6 gxh6 18. Nxh6+ Kf8 19. Ng5 Qa6 20. Qf3 Ke7 21. Rad1 Kd8 22. Rd2 Kc8 23. Qf5 Re7 24. Ngxf7 Kb8 25. g4 Ka7 26. g5 Rf8 27. gxf6 Rexf7 28. Nxf7 Rxf7 29. Ree2 Nxf6 30. Qxe5 Qb6 31. Qf5 Rg7+ 32. Kh1 Ng4 33. Rd5 Qh6 34. f4 Qh3 35. Rg2 Qe3 36. Rd1 Nf2+ 37. Rxf2 Qxf2 0-1

[Event "Mentese WGM 2019"]
[Site "Mentese"]
[Date "2019.06.25"]
[Round "3.2"]
[White "Zubova, Mariya"]
[Black "Dimitrijevic, Aleksandra"]
[Result "1/2-1/2"]
[ECO "B07"]
[WhiteElo "2164"]
[BlackElo "2190"]
[Annotator "ChessBase"]
[PlyCount "67"]
[EventDate "2019.06.24"]
[EventType "schev"]
[EventCountry "TUR"]
[SourceTitle "playchess.com"]
[Source "ChessBase"]
[SourceQuality "1"]
[TimeControl "5400+30"]

1. e4 d6 2. d4 Nf6 3. Nc3 c6 4. Be3 Ng4 5. Bg5 Qb6 6. Rb1 e5 7. Nf3 f6 8. Bc1 g6 9. Bc4 Qc7 10. a4 a6 11. Ra1 b6 12. O-O Nh6 13. dxe5 dxe5 14. Be3 a5 15. h3 Nf7 16. Nd2 Ba6 17. Qe2 Bxc4 18. Nxc4 Nd7 19. f4 Bg7 20. Rad1 exf4 21. Bxf4 Nde5 22. Bxe5 Nxe5 23. Nxe5 Qxe5 24. Qc4 Qc5+ 25. Qxc5 bxc5 26. Rd6 Rc8 27. Rfd1 O-O 28. Rd7 f5 29. exf5 Rxf5 30. Ne4 Bd4+ 31. R7xd4 cxd4 32. Nd6 Rd8 33. Nxf5 gxf5 34. Kf2 1/2-1/2

[Event "Mentese WGM 2019"]
[Site "Mentese"]
[Date "2019.06.25"]
[Round "3.3"]
[White "Novikova, Margarita"]
[Black "Arda, Cagil Irmak"]
[Result "1/2-1/2"]
[ECO "D03"]
[WhiteElo "2020"]
[BlackElo "2069"]
[Annotator "NA"]
[PlyCount "64"]
[EventDate "2019.06.24"]
[EventType "schev"]
[EventCountry "TUR"]
[SourceTitle "playchess.com"]
[Source "ChessBase"]
[SourceQuality "1"]
[TimeControl "5400+30"]

1. d4 Nf6 2. Nf3 d5 3. Bg5 e6 4. e3 c5 5. c3 Nc6 6. Nbd2 Be7 7. Bd3 b6 8. O-O Bb7 9. a3 O-O 10. b4 h6 11. Bh4 Nd7 12. Bg3 Re8 13. b5 Na5 14. Ne5 cxd4 15. cxd4 Nxe5 16. Bxe5 Rc8 17. Qg4 Bf8 18. Rac1 Qg5 19. Rxc8 Rxc8 20. Qe2 Bxa3 21. f4 Qe7 22. f5 exf5 23. Rxf5 Rc1+ 24. Nf1 Bc8 25. Qg4 f6 26. Bf4 Bxf5 27. Bxf5 Bd6 28. Bxh6 Kf8 29. Be6 Qc7 30. g3 gxh6 31. Qg8+ Ke7 32. Qf7+ Kd8 1/2-1/2

[Event "Mentese WGM 2019"]
[Site "Mentese"]
[Date "2019.06.25"]
[Round "3.5"]
[White "Aydin, Gulenay"]
[Black "Doluhanova, Evgeniya"]
[Result "1-0"]
[ECO "C49"]
[WhiteElo "1967"]
[BlackElo "2319"]
[Annotator "ChessBase"]
[PlyCount "143"]
[EventDate "2019.06.24"]
[EventType "schev"]
[EventCountry "TUR"]
[SourceTitle "playchess.com"]
[Source "ChessBase"]
[SourceQuality "1"]
[TimeControl "5400+30"]

1. e4 e5 2. Nf3 Nc6 3. Nc3 Nf6 4. Bb5 Bb4 5. O-O O-O 6. d3 Bxc3 7. bxc3 d6 8. Bg5 h6 9. Bh4 Qe7 10. Re1 a6 11. Bxc6 bxc6 12. d4 Rb8 13. Qd3 Qe6 14. Bxf6 Qxf6 15. Rab1 Rxb1 16. Rxb1 Qe6 17. Rb2 f6 18. c4 Qg4 19. d5 f5 20. Nd2 c5 21. Rb1 Qf4 22. f3 h5 23. Rf1 h4 24. Qe2 Qg5 25. Rf2 Bd7 26. f4 exf4 27. e5 dxe5 28. Qxe5 Re8 29. Qxc7 f3 30. Nxf3 Qc1+ 31. Rf1 Qe3+ 32. Kh1 Re7 33. d6 Rf7 34. Qd8+ Qe8 35. Qxh4 Rf6 36. Qf4 Qe4 37. Qd2 Qxc4 38. Rd1 Qxa2 39. Ne5 Qe6 40. Qd5 Qxd5 41. Rxd5 Be6 42. d7 Bxd7 43. Nxd7 Re6 44. Kg1 c4 45. Rxf5 Rd6 46. Ne5 Rd5 47. h3 a5 48. g4 Rc5 49. Nf3 Rxf5 50. gxf5 a4 51. c3 a3 52. Nd4 a2 53. Nc2 Kf7 54. Kf2 Kf6 55. Ke3 Ke5 56. Na1 Kxf5 57. Kd4 Kf4 58. Kxc4 Kg3 59. Kd5 Kxh3 60. c4 g5 61. c5 g4 62. c6 g3 63. c7 g2 64. c8=Q+ Kh2 65. Qh8+ Kg3 66. Qg7+ Kh2 67. Qh6+ Kg3 68. Qg5+ Kh2 69. Qh4+ Kg1 70. Ke4 Kf1 71. Qf4+ Ke1 72. Kd3 1-0

[Event "Mentese WGM 2019"]
[Site "Mentese"]
[Date "2019.06.24"]
[Round "4.1"]
[White "Dimitrijevic, Aleksandra"]
[Black "Rakhmangulova, Anastasiya"]
[Result "1/2-1/2"]
[ECO "D02"]
[WhiteElo "2190"]
[BlackElo "2217"]
[Annotator "NA"]
[PlyCount "71"]
[EventDate "2019.06.24"]
[EventType "schev"]
[EventCountry "TUR"]
[SourceTitle "playchess.com"]
[Source "ChessBase"]
[SourceQuality "1"]
[TimeControl "5400+30"]

1. d4 d5 2. Bf4 Nf6 3. Nf3 c5 4. e3 Nc6 5. c3 e6 6. Bd3 Bd6 7. Bxd6 Qxd6 8. Nbd2 O-O 9. O-O e5 10. dxe5 Nxe5 11. Nxe5 Qxe5 12. h3 b6 13. Nf3 Qe7 14. Qe2 a6 15. a4 Bb7 16. Rab1 Ne4 17. Rfc1 f5 18. c4 dxc4 19. Bxc4+ Kh8 20. Rd1 Bc6 21. Ra1 Qe8 22. Bd5 Bxa4 23. Bxa8 Bxd1 24. Qxa6 Bxf3 25. gxf3 Qg6+ 26. Kf1 Ng5 27. f4 Ne4 28. Bxe4 fxe4 29. Qb7 Qf5 30. Ra8 Qxh3+ 31. Ke1 Qf5 32. Qxe4 Qf6 33. Qc6 Kg8 34. Qd5+ Kh8 35. Qc6 Kg8 36. Qd5+ 1/2-1/2

[Event "Mentese WGM 2019"]
[Site "Mentese"]
[Date "2019.06.24"]
[Round "4.2"]
[White "Arda, Cagil Irmak"]
[Black "Zubova, Mariya"]
[Result "1-0"]
[ECO "C47"]
[WhiteElo "2069"]
[BlackElo "2164"]
[Annotator "NA"]
[PlyCount "35"]
[EventDate "2019.06.24"]
[EventType "schev"]
[EventCountry "TUR"]
[SourceTitle "playchess.com"]
[Source "ChessBase"]
[SourceQuality "1"]
[TimeControl "5400+30"]

1. e4 e5 2. Nf3 Nc6 3. Nc3 Nf6 4. d4 exd4 5. Nxd4 Bb4 6. Nxc6 bxc6 7. Bd3 h6 8. O-O O-O 9. h3 Re8 10. Qf3 d6 11. Ne2 Nd7 12. Qg3 Qf6 13. c3 Bc5 14. Nf4 Ne5 15. Bc2 Ba6 16. Re1 Rad8 17. b4 Bb6 18. a4 1-0

[Event "Mentese WGM 2019"]
[Site "Mentese"]
[Date "2019.06.24"]
[Round "4.3"]
[White "Atalik, Ekaterina"]
[Black "Novikova, Margarita"]
[Result "1-0"]
[ECO "D35"]
[WhiteElo "2452"]
[BlackElo "2020"]
[Annotator "ChessBase"]
[PlyCount "79"]
[EventDate "2019.06.24"]
[EventType "schev"]
[EventCountry "TUR"]
[SourceTitle "playchess.com"]
[Source "ChessBase"]
[SourceQuality "1"]
[TimeControl "5400+30"]

1. d4 d5 2. c4 e6 3. Nc3 Nf6 4. cxd5 exd5 5. Bg5 Be7 6. e3 O-O 7. Bd3 c6 8. h3 Nbd7 9. Qc2 Re8 10. Bf4 c5 11. Nf3 c4 12. Be2 Nf8 13. O-O Ng6 14. Be5 a6 15. a4 Be6 16. Ng5 Qd7 17. Nxe6 fxe6 18. f4 b5 19. Bxf6 Bxf6 20. axb5 axb5 21. Bh5 b4 22. Ne2 b3 23. Qb1 Rxa1 24. Qxa1 Qb7 25. Qb1 Ra8 26. Bxg6 hxg6 27. Qxg6 Qf7 28. Qg4 Ra2 29. Rb1 Ra6 30. Ng3 Kh7 31. f5 e5 32. Kh2 e4 33. Ne2 Bd8 34. Kg1 Kg8 35. Nf4 Bf6 36. Ng6 Bd8 37. Qh5 Qe8 38. Qh8+ Kf7 39. Ne5+ Ke7 40. Qxg7+ 1-0

[Event "Mentese WGM 2019"]
[Site "Mentese"]
[Date "2019.06.24"]
[Round "4.4"]
[White "Doluhanova, Evgeniya"]
[Black "Anacoglu, Cisel"]
[Result "1-0"]
[ECO "A06"]
[WhiteElo "2319"]
[BlackElo "1973"]
[Annotator "NA"]
[PlyCount "113"]
[EventDate "2019.06.24"]
[EventType "schev"]
[EventCountry "TUR"]
[SourceTitle "playchess.com"]
[Source "ChessBase"]
[SourceQuality "1"]
[TimeControl "5400+30"]

1. Nf3 d5 2. b3 Nf6 3. Bb2 c5 4. e3 Nc6 5. Bb5 Bf5 6. O-O e6 7. Ne5 Rc8 8. d3 Bd6 9. Nd2 O-O 10. Bxc6 bxc6 11. Qe2 Nd7 12. Nxd7 Qxd7 13. e4 Bg6 14. f4 f6 15. Rae1 Rce8 16. Qf2 Qc7 17. Nb1 f5 18. e5 Be7 19. Nc3 Qa5 20. Na4 c4 21. Bc3 Qa6 22. dxc4 dxc4 23. Qe2 Rd8 24. Rd1 Qb5 25. Qe3 cxb3 26. axb3 a6 27. Qa7 Bh5 28. Rxd8 Bxd8 29. Bd4 Ba5 30. Bb6 Bxb6+ 31. Qxb6 Qxb6+ 32. Nxb6 Rd8 33. c4 Bd1 34. b4 Rd4 35. g3 Bb3 36. Rc1 Kf8 37. Rc3 Ba2 38. Kf2 Rd2+ 39. Ke3 Rb2 40. Kd4 Rxb4 41. Kc5 Rb2 42. h4 a5 43. Kxc6 Bb3 44. Rd3 a4 45. Rd8+ Kf7 46. Ra8 Bd1 47. Ra7+ Kg6 48. c5 Rb3 49. Rxa4 Rxg3 50. Rd4 Bf3+ 51. Kd6 Rg4 52. Kxe6 Rxh4 53. Nd5 Bxd5+ 54. Kxd5 Rh1 55. c6 Ra1 56. c7 Ra8 57. Kc6 1-0

[Event "Mentese WGM 2019"]
[Site "Mentese"]
[Date "2019.06.24"]
[Round "4.5"]
[White "Khomeriki, Nino"]
[Black "Aydin, Gulenay"]
[Result "1-0"]
[ECO "E62"]
[WhiteElo "2313"]
[BlackElo "1967"]
[Annotator "NA"]
[PlyCount "57"]
[EventDate "2019.06.24"]
[EventType "schev"]
[EventCountry "TUR"]
[SourceTitle "playchess.com"]
[Source "ChessBase"]
[SourceQuality "1"]
[TimeControl "5400+30"]

1. d4 Nf6 2. Nf3 g6 3. c4 Bg7 4. g3 O-O 5. Bg2 d6 6. Nc3 c6 7. O-O Qa5 8. Nd2 e5 9. d5 cxd5 10. Nxd5 Nxd5 11. Bxd5 Qc7 12. Ne4 Kh8 13. Be3 Bf5 14. Nxd6 Qxd6 15. Bxb7 Qxd1 16. Rfxd1 Nd7 17. Bxa8 Rxa8 18. c5 Rc8 19. b4 Bf8 20. Rac1 Nb8 21. b5 a6 22. a4 Be7 23. c6 axb5 24. axb5 Bd8 25. b6 Bxb6 26. Bxb6 Rxc6 27. Bc7 Rxc1 28. Bxe5+ Kg8 29. Rxc1 1-0

[Event "Mentese WGM 2019"]
[Site "Mentese"]
[Date "2019.06.24"]
[Round "6.1"]
[White "Atalik, Ekaterina"]
[Black "Rakhmangulova, Anastasiya"]
[Result "*"]
[ECO "D12"]
[WhiteElo "2452"]
[BlackElo "2217"]
[Annotator "RC"]
[PlyCount "129"]
[EventDate "2019.06.24"]
[EventType "schev"]
[EventCountry "TUR"]
[SourceTitle "playchess.com"]
[Source "ChessBase"]
[SourceQuality "1"]
[TimeControl "5400+30"]

1. d4 d5 2. c4 c6 3. Nf3 Nf6 4. Nbd2 Bf5 5. e3 e6 6. Qb3 Qc7 7. Nh4 Be4 8. f3 Bg6 9. g3 Nbd7 10. Be2 Bd6 11. Nf1 O-O 12. Nxg6 hxg6 13. c5 Be7 14. g4 e5 15. h4 b6 16. cxb6 axb6 17. dxe5 Qxe5 18. h5 gxh5 19. gxh5 d4 20. h6 Nc5 21. Qc2 Rfd8 22. exd4 Rxd4 23. Be3 Rb4 24. hxg7 Rxb2 25. f4 Rxc2 26. fxe5 Nh7 27. Ng3 Raxa2 28. Rxa2 Rxa2 29. Nf5 Nd3+ 30. Bxd3 Ra1+ 31. Kf2 Rxh1 32. Nxe7+ Kxg7 33. Nxc6 Rh2+ 34. Kg3 Rb2 35. Kf3 Rb3 36. Ke4 Nf8 37. Bc4 Rc3 38. Bd5 Ne6 39. Bxb6 Ra3 40. Be3 Ra4+ 41. Kf5 Ra3 42. Bf2 Ra1 43. Bh4 Rf1+ 44. Kg4 Rg1+ 45. Kf3 Rf1+ 46. Ke3 Rf5 47. Be7 Rh5 48. Bf6+ Kg6 49. Ne7+ Kh6 50. Bf3 Rh3 51. Kf2 Rh2+ 52. Kg3 Ra2 53. Nf5+ Kg6 54. Nd6 Ra3 55. Kg4 Nc5 56. Bd5 Ra4+ 57. Kf3 Ra3+ 58. Ke2 Ra7 59. Nc8 Rc7 60. Ne7+ Rxe7 61. Bxe7 Nd7 62. Be4+ Kg7 63. Bd6 Nb6 64. Kd3 Nc8 65. Bf5 *

[Event "Mentese WGM 2019"]
[Site "Mentese"]
[Date "2019.06.24"]
[Round "6.3"]
[White "Khomeriki, Nino"]
[Black "Novikova, Margarita"]
[Result "*"]
[ECO "D55"]
[WhiteElo "2313"]
[BlackElo "2020"]
[Annotator "NA RC"]
[PlyCount "105"]
[EventDate "2019.06.24"]
[EventType "schev"]
[EventCountry "TUR"]
[SourceTitle "playchess.com"]
[Source "ChessBase"]
[SourceQuality "1"]
[TimeControl "5400+30"]

1. d4 d5 2. c4 e6 3. Nf3 Nf6 4. Nc3 Be7 5. Bg5 O-O 6. e3 b6 7. cxd5 Nxd5 8. Nxd5 exd5 9. Bxe7 Qxe7 10. Bd3 Ba6 11. Rc1 Qb4+ 12. Qd2 Qxd2+ 13. Kxd2 Bxd3 14. Kxd3 Na6 15. Ke2 c5 16. dxc5 bxc5 17. Rhd1 Rab8 18. b3 Rfd8 19. Rd2 f6 20. Ne1 Rbc8 21. Nd3 Rd6 22. Rdc2 Rdc6 23. a3 Kf7 24. h4 R6c7 25. Nf4 Rd7 26. b4 c4 27. Rd1 Rcd8 28. g4 Nc7 29. e4 Re7 30. f3 g5 31. hxg5 fxg5 32. Nh3 Ne6 33. Kf2 Red7 34. exd5 Rxd5 35. Rxd5 Rxd5 36. Rxc4 Rd3 37. a4 h6 38. Ng1 Ra3 39. a5 Rb3 40. Ne2 Kf6 41. Nc3 a6 42. Ke3 Ke5 43. Re4+ Kd6 44. Kd3 Nc7 45. Kc4 Rb2 46. Rd4+ Kc6 47. Rd8 Rc2 48. Kd3 Rb2 49. Rb8 Kd7 50. Na4 Rb3+ 51. Ke4 Rb1 52. Nc5+ Kc6 53. Rb6# *